 Dungeon Crawl Stone Soup version 0.17.1-1-g73c8601 (webtiles) character file.

764 JustSomeDude the Insei (level 7, 0/55 HPs)
             Began as a Demonspawn Monk on Dec 23, 2015.
             Slain by a phantom (4 damage)
             ... on level 5 of the Dungeon.
             The game lasted 00:07:33 (3474 turns).

JustSomeDude the Insei (Demonspawn Monk)            Turns: 3474, Time: 00:07:33

Health: 0/55       AC:  9    Str:  9 (11) XL:     7   Next: 51%
Magic:  7/7        EV: 10    Int: 11      God:
Gold:   156        SH:  0    Dex: 18      Spells: 0 memorised, 6 levels left

rFire  . . .     SeeInvis .       - Unarmed
rCold  . . .     Clarity  .     e - +0 scale mail
rNeg   . . .     SustAt   .     (no shield)
rPois  .         Gourm    .     d - +1 helmet
rElec  .         Spirit   .     (no cloak)
rCorr  .         Warding  .     (no gloves)
rMut   .         Stasis   .     (no boots)
MR     .....                    (no amulet)
Stlth  +.........               (no ring)
                                (no ring)

@: not resistant to hostile enchantments, very unstealthy
A: claws 2, powered by pain 1
a: no special abilities


You were on level 5 of the Dungeon.
You were hungry.

You visited 2 branches of the dungeon, and saw 6 of its levels.

You collected 156 gold pieces.

Inventory:

Missiles
 t - 4 tomahawks (quivered)
Armour
 a - a +0 robe
 d - a +1 helmet (worn)
 e - a +0 scale mail (worn)
Wands
 p - a wand of slowing (25)
Scrolls
 c - a scroll of magic mapping
 f - 4 scrolls of remove curse
 h - a scroll of fog
 i - 4 scrolls of noise {unknown}
 j - 2 scrolls of enchant weapon {unknown}
 k - 7 scrolls of identify {unknown}
 l - a scroll of immolation {unknown}
 m - a scroll of fear {unknown}
 q - a scroll of enchant armour {unknown}
 s - 3 scrolls of blinking {unknown}
 u - a scroll of teleportation {unknown}
Potions
 r - a potion of degeneration
Comestibles
 b - a bread ration
 g - 2 fruits
 n - 2 meat rations
 o - 2 beef jerkies


   Skills:
 + Level 4.4 Fighting
 * Level 4.2 Armour
 + Level 4.3 Dodging
 + Level 2.3 Stealth
 + Level 5.3 Unarmed Combat


You had 6 spell levels left.
You didn't know any spells.

Dungeon Overview and Level Annotations

Branches:
Dungeon (5/15)             Temple (1/1) D:5

Altars:
Ashenzari
Elyvilon
Gozag
Kikubaaqudgha
Makhleb
Nemelex Xobeh
Okawaru
Qazlal
Ru
Sif Muna
Vehumet
Xom
Yredelemnul
Zin
The Shining One

Shops:
D:5 %


Innate Abilities, Weirdness & Mutations

You have very sharp fingernails.
You sometimes gain a little power by taking damage.


Message History

The phantom is moderately damaged.
The phantom hits you.
* * * LOW HITPOINT WARNING * * *
You claw the phantom! Your claw misses the phantom.
The phantom is heavily damaged.
The phantom barely misses you.
You scratch the phantom.
The phantom is heavily damaged.
The phantom hits you but does no damage.
You scratch the phantom but do no damage.
The phantom is heavily damaged.
The phantom hits you but does no damage.
You barely miss the phantom.
The phantom is heavily damaged.
The phantom hits you.
* * * LOW HITPOINT WARNING * * *
You scratch the phantom.
The phantom is heavily damaged.
The phantom hits you.
You die...

*,*,*,* *,,* *,,,,,*
*,** ***,*** *,* *,*
*,* *.# *,* #.# ### *,#
#.#*#.#*#####.##
##.##.#.##......#
##....###(.@W###.#
#......#.......#,*
#######...#..##)..#.#,*
.........##..##...#.#,*
#######......##...#,#,*
##### ##.##.###.....,,*
....# ##+##.# ##..###**
###.###...#.####..#* #
#.##........,,...**


You could see a phantom.

Vanquished Creatures
  An ice beast (D:5)
  A centaur (D:5)
  2 scorpions (D:4)
  The ghost of ventricule the Cudgeler, a weakling FoCK of Xom (D:3)
  3 hounds (D:4)
  An orc priest (D:4)
  An iguana (D:5)
  3 worker ants (D:4)
  2 orc wizards (D:4)
  7 adders
  7 gnolls
  2 adder skeletons (D:4)
  A worm (D:3)
  A giant gecko (D:1)
  10 orcs
  2 giant cockroaches
  6 goblins
  9 hobgoblins
  A quokka (D:3)
  8 bats
  3 giant newts
  6 kobolds
  9 rats
87 creatures vanquished.

Vanquished Creatures (others)
  2 orcs (D:4)
2 creatures vanquished.

Grand Total: 89 creatures vanquished

Notes
Turn   | Place    | Note
--------------------------------------------------------------
     0 | D:1      | JustSomeDude the Demonspawn Monk began the quest for the Orb.
     0 | D:1      | Reached XP level 1. HP: 18/18 MP: 1/1
     2 | D:1      | Noticed an electric eel
   154 | D:1      | Gained mutation: You have sharp fingernails. [demonic ancestry]
   154 | D:1      | Reached XP level 2. HP: 16/24 MP: 2/2
   581 | D:2      | Reached XP level 3. HP: 29/29 MP: 3/3
   885 | D:2      | Reached skill level 4 in Unarmed Combat
   926 | D:2      | Gained mutation: You sometimes gain a little power by taking damage. [demonic ancestry]
   926 | D:2      | Reached XP level 4. HP: 35/35 MP: 4/4
  1148 | D:3      | Reached skill level 1 in Armour
  1569 | D:3      | Noticed ventricule's ghost (weakling FoCK)
  1592 | D:3      | Killed ventricule's ghost
  1592 | D:3      | Reached XP level 5. HP: 35/41 MP: 0/5
  1642 | D:3      | Found a deep blue altar of Sif Muna.
  1745 | D:3      | Found a sparkling altar of Nemelex Xobeh.
  2168 | D:4      | Gained mutation: You have very sharp fingernails. [demonic ancestry]
  2168 | D:4      | Reached XP level 6. HP: 30/48 MP: 6/6
  2511 | D:4      | Found a shimmering altar of Xom.
  2588 | D:4      | Reached skill level 5 in Unarmed Combat
  2928 | D:4      | Reached XP level 7. HP: 47/54 MP: 7/7
  3184 | D:5      | Entered Level 5 of the Dungeon
  3237 | D:5      | Found Juesch's Food Emporium.
  3277 | D:5      | Found a staircase to the Ecumenical Temple.
  3303 | Temple   | Entered the Ecumenical Temple
  3474 | D:5      | Slain by a phantom

Action                   |  1- 3 |  4- 6 |  7- 9 || total
-------------------------+-------+-------+-------++-------
Melee: Unarmed           |   122 |   229 |    50 ||   401
  Use: Potion            |       |     4 |     2 ||     6
       Scroll            |       |       |     3 ||     3
 Stab: Sleeping          |     1 |       |       ||     1
  Eat: Bread ration      |       |     2 |       ||     2
